 Dungeon Crawl Stone Soup version 0.31-a0-1549-g5ff9445e89 (webtiles) character file.

Game seed: 16185195756940700526

1483 TheScarfBastard the Ducker (level 8, -2/117 HPs)
             Began as a Troll Berserker on Jan 2, 2024.
             Was a Priest of Trog.
             Slain by an iguana (6 damage)
             ... on level 6 of the Dungeon.
             The game lasted 00:11:38 (3725 turns).

TheScarfBastard the Ducker (Troll Berserker)        Turns: 3725, Time: 00:11:40

Health: -2/117     AC: 24    Str: 26 (27) XL:     8   Next: 50%
Magic:  7/7        EV:  1    Int: 10 (12) God:    Trog [***...]
Gold:   383        SH:  0    Dex: 13 (14) Spells: 7/7 levels left

rFire   . . .        q - +1 great sword of Ragnarok {venom, rPois rC+ Int+5}
rCold   + . .        (shield currently unavailable)
rNeg    . . .        m - melded +0 troll leather armour {Pargi}
rPois   +            h - melded +2 hat
rElec   .            (cloak currently unavailable)
rCorr   .            (gloves unavailable)
SInv    .            (boots unavailable)
Will    +....        v - amulet of faith
Stlth   ++           c - +6 ring of dexterity
HPRegen 1.19/turn    (no ring)
MPRegen 0.10/turn

%: faith
@: brilliant, tree-form, on berserk cooldown, enlightened
A: stationary, stasis, torment immunity, boosted hp, large, unfitting armour,
(claws 3), regeneration 1, (shaggy fur 1), (tough skin 1), (talons 1), clever 1
a: Renounce Religion, Berserk, Trog's Hand


You were on level 6 of the Dungeon.
You worshipped Trog.
Trog was most pleased with you.
You were a tree.
You visited 1 branch of the dungeon, and saw 7 of its levels.
You also visited: Sewer.

You collected 383 gold pieces.

Inventory:

Hand Weapons
 g - a +2 mace of protection
 q - the +1 great sword of Ragnarok (weapon) {venom, rPois rC+ Int+5}
   (You acquired it on level 4 of the Dungeon)

   Int+5:     It affects your intelligence (+5).
   rC+:       It protects you from cold.
   rPois:     It protects you from poison
 x - a +2 hand axe of electrocution
Armour
 a - a +0 animal skin
 h - a +2 hat (melded)
 i - a +0 robe
 m - a +0 troll leather armour (melded) {Pargi}
Jewellery
 c - a +6 ring of dexterity (left branch)
 k - a +6 ring of intelligence
 s - a ring of ice
 v - an amulet of faith (around neck)
Wands
 d - a wand of flame (9)
Scrolls
 n - a scroll of vulnerability
 w - a scroll of identify
Potions
 e - a potion of attraction {unknown}
 f - 2 potions of brilliance
 o - a potion of heal wounds {unknown}
 p - a potion of berserk rage


   Skills:
 + Level 4.1 Fighting
 + Level 3.3 Long Blades
 + Level 3.9 Maces & Flails
 + Level 2.6 Armour
 + Level 4.8 Dodging
 + Level 1.3 Stealth
 + Level 4.6 Unarmed Combat


You had 7 spell levels left.
You didn't know any spells.
Your spell library was empty.

Dungeon Overview and Level Annotations

Branches:
Dungeon (7/15)             Temple (0/1) D:4           Sewer (visited)

Altars:
Elyvilon
Makhleb

Annotations:
D:6 Prince Ribbit
D:7 Pikel


Innate Abilities, Weirdness & Mutations

You are a tree.
Your roots penetrate the ground, keeping you stationary.
You cannot be teleported.
You are immune to unholy pain and torment.
Your maximum health is greatly increased.
Your equipment is partially melded.
You are too large for most types of armour.
((You have claws for hands.))
Your natural rate of healing is unusually fast.
((You are covered in fur. (AC +1)))
((You have tough skin. (AC +1)))
((You have sharp toenails.))
Your mind is acute. (Int +4, Str/Dex -1)


Message History

The phantom hits you.
* * * LOW HITPOINT WARNING * * *
The phantom blinks!
You blink.
The phantom hits you.
* * * LOW HITPOINT WARNING * * *
It was a potion of brilliance.
You feel clever all of a sudden. The phantom hits you.
* * * LOW HITPOINT WARNING * * *
Unknown command.
It was a potion of enlightenment.
You feel very buoyant.
You fly up into the air.
Prince Ribbit barely misses you. The phantom hits you.
* * * LOW HITPOINT WARNING * * *
Unknown command.
It was a potion of mutation.
You feel extremely strange.
You feel clever.
Your toenails lengthen and sharpen.
Prince Ribbit barely misses you. The phantom closely misses you.
Prince Ribbit hits you but does no damage.
Unknown command.
It was a potion of degeneration.
There was something very wrong with that liquid.
You feel weakened.
You feel dopey.
You feel clumsy.
Prince Ribbit lets out a mournful croak.
Prince Ribbit blinks!
The phantom completely misses you.
Unknown command.
It was a potion of lignification.
You turn into a tree.
Your +2 hat melds into your body.
Your +0 troll leather armour {Pargi} melds into your body.
Your roots penetrate the ground.
The iguana bites you!
* * * LOW HITPOINT WARNING * * *
Prince Ribbit hits you but does no damage.
The phantom hits you but does no damage.
You closely miss Prince Ribbit.
Prince Ribbit hits you but does no damage.
The iguana bites you but does no damage.
Prince Ribbit hits you!
* * * LOW HITPOINT WARNING * * *
The phantom hits you but does no damage.
The iguana bites you.
You die...

≈≈≈≈≈≈≈≈≈~~~......#####
≈~~~~~≈≈≈≈≈~~~...###..#####
~~...~~~~≈≈≈≈~#..##.......##
........~~~≈≈~#...##.......#
.#........~~~~##..#.......###
.#.........#####...>>.......##
............##.........#.....#
...............l##...........#
..#.......#..##.♣Fh.........##
..........#####..W5..##..#..#
.##......## #..#...###.####
#.....## ####..## ### ##..###
#### ####


You could see Prince Ribbit, a lemure, a phantom, an iguana and a hound.

Vanquished Creatures
  Grinder (D:3)
  Eustachio (D:4)
  Pargi (Sewer)
  2 ogres (D:5)
  A phantom (D:6)
  A brain worm (Sewer)
  3 scorpions (D:5)
  A bullfrog (D:5)
  A howler monkey (D:5)
  2 bombardier beetles
  2 hounds
  A gnoll bouda (D:4)
  2 centaur skeletons (D:5)
  2 iguanas (D:5)
  Natasha (D:4)
  6 adders
  5 gnolls (D:4)
  2 ufetubi (D:5)
  2 ribbon worms
  The ghost of SecretSquirrel the Sneak, a weakling DsDe (D:5)
  7 orcs
  5 ball pythons
  11 bats
  2 endoplasms
  2 giant cockroaches (D:1)
  5 goblins
  2 hobgoblins
  3 jackals (D:1)
  4 kobolds
  2 quokkas (D:4)
  5 frilled lizards
  2 rats
88 creatures vanquished.

Vanquished Creatures (others)
  A hobgoblin (D:4)
1 creature vanquished.

Grand Total: 89 creatures vanquished

Notes
Turn   | Place    | Note
-------+----------+-------------------------------------------
     0 | D:1      | TheScarfBastard the Troll Berserker began the quest for the
                  | Orb.
     0 | D:1      | Reached XP level 1. HP: 22/22 MP: 0/0
   138 | D:1      | Reached XP level 2. HP: 29/29 MP: 1/1
   374 | D:1      | Found a faded altar of an unknown god.
   604 | D:2      | Reached XP level 3. HP: 36/36 MP: 2/2
  1039 | D:2      | Reached ** piety under Trog
  1347 | D:3      | Noticed Grinder
  1371 | D:3      | Killed Grinder
  1372 | D:3      | Reached skill level 1 in Maces & Flails
  1372 | D:3      | Reached XP level 4. HP: 30/45 MP: 3/3
  1372 | D:3      | Reached XP level 5. HP: 35/53 MP: 4/4
  1509 | D:3      | Reached XP level 6. HP: 61/61 MP: 5/5
  1910 | D:3      | Found a glowing drain.
  1924 | Sewer    | Entered a sewer
  1975 | Sewer    | Noticed Pargi
  1983 | Sewer    | Killed Pargi
  2089 | D:4      | Reached skill level 1 in Stealth
  2130 | D:4      | Found a white marble altar of Elyvilon.
  2178 | D:4      | Found a staircase to the Ecumenical Temple.
  2251 | D:4      | Reached XP level 7. HP: 62/67 MP: 6/6
  2386 | D:4      | Identified a scroll of acquirement
  2386 | D:4      | Acquired the +1 great sword of Ragnarok {venom, rPois rC+
                  | Int+5}
  2587 | D:4      | Noticed Eustachio
  2597 | D:4      | Killed Eustachio
  2598 | D:4      | Reached skill level 1 in Armour
  2699 | D:4      | Noticed Natasha
  2702 | D:4      | Killed Natasha
  2735 | D:5      | Entered Level 5 of the Dungeon
  2816 | D:5      | Found a burning altar of Makhleb.
  2852 | D:5      | Reached skill level 1 in Long Blades
  2901 | D:5      | Reached XP level 8. HP: 73/78 MP: 7/7
  3145 | D:5      | Found a runed translucent gate.
  3145 | D:5      | Found a runed translucent gate.
  3146 | D:5      | Found a runed translucent gate.
  3149 | D:5      | Noticed SecretSquirrel's ghost (weakling DsDe)
  3355 | D:5      | Reached *** piety under Trog
  3556 | D:5      | Killed SecretSquirrel's ghost
  3685 | D:6      | Noticed Prince Ribbit
  3707 | D:7      | Noticed Pikel
  3722 | D:6      | Gained mutation: Your mind is acute. (Int +4, Str/Dex -1)
                  | [potion of mutation]
  3722 | D:6      | Gained mutation: You have sharp toenails. [potion of
                  | mutation]
  3725 | D:6      | HP: 4/117 [Prince Ribbit (7)]
  3725 | D:6      | Slain by an iguana

Illustrated notes

Levels and vault maps discovered:
D:1:      lemuel_arrival_lava_pool, layout_rooms,
          dreamdust_ecumenical_altar_angels_and_demons, due_unseen_surprise
D:2:      layout_basic, minmay_misc_feat_four_crosses
D:3:      layout_loops_ring, portal_sewer_entry_d, uniq_grinder
D:4:      layout_rooms, elyvilon_altar_4, minmay_temple_entry_offerings,
          nicolae_hexahallways, uniq_eustachio, uniq_natasha
D:5:      layout_cave_pods, mainiacjoe_overflow_boulevard,
          gammafunk_ghost_necromancy
D:6:      wander_river, layout_cave_pools, mainiacjoe_overflow_alcove_3,
          nicolae_ossuary_entry_monument, nicolae_shop_firing_range,
          uniq_prince_ribbit1
D:7:      cheibrodos_grave_circle, layout_gridville,
          ashenzari_conservatory_becter, grunt_gozag_breadcrumbs,
          mainiacjoe_overflow_24_doors, roderic_batcave, st_stairs_1,
          water_boxes_lemuel, uniq_maurice, uniq_pikel

Skill      XL: |  1  2  3  4  5  6  7  8 |
---------------+-------------------------+-----
Dodging        | 3 4 |  4.8
Fighting       | 3 4 |  4.1
Maces & Flails | 1 3 |  3.9
Unarmed Combat | 4 |  4.6
Stealth        | 1 |  1.3
Armour         | 2 |  2.6
Long Blades    | 1 3 |  3.3

Action                     |  1- 3 |  4- 6 |  7- 9 || total
---------------------------+-------+-------+-------++-------
  Melee: Unarmed           |    51 |       |       ||    51
         Mace              |    52 |    78 |    17 ||   147
         Punch             |       |     3 |     2 ||     5
         Great sword       |       |       |   101 ||   101
 Invoke: Berserk           |     1 |     1 |     2 ||     4
    Use: Scroll            |     1 |     3 |     2 ||     6
         Potion            |       |       |     9 ||     9
   Stab: Sleeping          |       |     2 |     1 ||     3
 Armour: Animal skin       |   120 |    51 |       ||   171
         Troll leather arm |       |    62 |   204 ||   266
         Skin              |       |       |     8 ||     8
  Dodge: Dodged            |   102 |   109 |   176 ||   387

Table legend: (Time is in decaauts)
 A = Elapsed time spent in this place.
 B = Non-inter-level travel time spent in this place.
 C = Inter-level travel time spent in this place.
 D = Time resting spent in this place.
 E = Time spent auto-exploring this place.
 F = Levels seen in this place.
 G = Mean time per level.
                   A        B        C        D        E       F      G
               +--------+--------+--------+--------+--------+-----+--------+
         Total |   3858 |   3706 |    152 |      0 |   2200 |   8 |  482.2 |
       Dungeon |   3736 |   3584 |    152 |      0 |   2200 |   7 |  533.7 |
         Sewer |    121 |    121 |      0 |      0 |      0 |   1 |  121.0 |
               +--------+--------+--------+--------+--------+-----+--------+

Top non-repeatable levels by time:
     D:5: 922 daAuts
     D:2: 783 daAuts
     D:4: 687 daAuts
     D:3: 657 daAuts
     D:1: 554 daAuts
     D:6: 127 daAuts
   Sewer: 121 daAuts
     D:7: 2 daAuts
